SL
DETROIT RENAISSANCE @ D.C. DIVIDED
08/22/2024
 
TOP OF THE 1ST
Detroit Renaissance batting - Pitching for D.C. Divided : LHP Leslie Brooks
Pitching: LHP Leslie Brooks
Batting: RHB Kyle Bywaters 0-0: Ball
1-0: Ball
2-0: Fly out, F8 (Flyball, 89XD)
Batting: RHB Bernardo Herrera 0-0: Called Strike
0-1: Foul Ball, location: 2F
0-2: Foul Ball, location: 2F
0-2: Ball
1-2: Ground out 6-3 (Groundball, 6)
Batting: LHB Mike Silver 0-0: Called Strike
0-1: Swinging Strike
0-2: Strikes out looking
Top of the 1st over - 0 run(s), 0 hit(s), 0 error(s), 0 left on base; Detroit 0 - D.C. 0
BOTTOM OF THE 1ST
D.C. Divided batting - Pitching for Detroit Renaissance : LHP Lorenzo Sánchez
Pitching: LHP Lorenzo Sánchez
Batting: RHB Cristo González 0-0: Ball
1-0: SINGLE (Groundball, 56)
Batting: RHB Brett Robinson 0-0: Called Strike
0-1: Ball
1-1: Foul Ball, location: 2F
1-2: Fly out, F8 (Flyball, 8RM)
Batting: LHB Mike Gardner 0-0: Ball
1-0: Called Strike
1-1: Ball
Cristo González is caught stealing 2nd base
2-1: Foul Ball, location: 2F
2-2: Fly out, F6 (Popup, 6)
Bottom of the 1st over - 0 run(s), 1 hit(s), 0 error(s), 0 left on base; Detroit 0 - D.C. 0
TOP OF THE 2ND
Detroit Renaissance batting - Pitching for D.C. Divided : LHP Leslie Brooks
Batting: LHB Juan González 0-0: Ball
1-0: Ball
2-0: Called Strike
2-1: Ball
3-1: Foul Ball, location: 2F
3-2: Ground out 4-3 (Groundball, 4)
Batting: RHB Chandler Bailey 0-0: Ball
1-0: Fly out, F3 (Popup, 3SF)
Batting: RHB Nathan Horton 0-0: Ball
1-0: Ball
2-0: Ball
3-0: Called Strike
3-1: Foul Ball, location: 2F
3-2: Strikes out swinging
Top of the 2nd over - 0 run(s), 0 hit(s), 0 error(s), 0 left on base; Detroit 0 - D.C. 0
BOTTOM OF THE 2ND
D.C. Divided batting - Pitching for Detroit Renaissance : LHP Lorenzo Sánchez
Batting: LHB Ray Sears 0-0: Foul Ball, location: 2F
0-1: Ball
1-1: Fly out, F8 (Flyball, 78D)
Batting: LHB Charles Mathes 0-0: Called Strike
0-1: Ground out 1-3 (Groundball, 13S)
Batting: RHB Lúcio López 0-0: Ground out 4-3 (Groundball, 4)
Bottom of the 2nd over - 0 run(s), 0 hit(s), 0 error(s), 0 left on base; Detroit 0 - D.C. 0
TOP OF THE 3RD
Detroit Renaissance batting - Pitching for D.C. Divided : LHP Leslie Brooks
Batting: LHB Tim Waters 0-0: Ball
1-0: Swinging Strike
1-1: Ball
2-1: Ball
3-1: Base on Balls
Batting: LHB Greg Robinson 0-0: Swinging Strike
0-1: Foul Ball, location: 2F
0-2: Ball
1-2: Strikes out looking
Batting: RHB Pablo León 0-0: Ball
1-0: Called Strike
1-1: Ball
2-1: Swinging Strike
2-2: Strikes out swinging
Batting: RHB Kyle Bywaters 0-0: Foul Ball, location: 2F
0-1: Fly out, F8 (Flyball, 8LD)
Top of the 3rd over - 0 run(s), 0 hit(s), 0 error(s), 1 left on base; Detroit 0 - D.C. 0
BOTTOM OF THE 3RD
D.C. Divided batting - Pitching for Detroit Renaissance : LHP Lorenzo Sánchez
Batting: LHB Brad Elmore 0-0: DOUBLE (Flyball, 78D)
Batting: RHB Justin Saginov 0-0: Ball
1-0: Called Strike
1-1: Called Strike
1-2: Fly out, F3 (Popup, 3F)
Batting: RHB Duncan Thomas 0-0: Foul Ball, location: 2F
0-1: Ball
1-1: Foul Ball, location: 2F
1-2: Strikes out swinging
Batting: RHB Cristo González 0-0: Ball
1-0: Ball
2-0: Ball
3-0: Base on Balls
Batting: RHB Brett Robinson 0-0: Ball
1-0: Ball
2-0: Ground out 1-3 (Groundball, 13S)
Bottom of the 3rd over - 0 run(s), 1 hit(s), 0 error(s), 2 left on base; Detroit 0 - D.C. 0
TOP OF THE 4TH
Detroit Renaissance batting - Pitching for D.C. Divided : LHP Leslie Brooks
Batting: RHB Bernardo Herrera 0-0: Ball
1-0: Ball
2-0: Ball
3-0: Called Strike
3-1: Base on Balls
Batting: LHB Mike Silver 0-0: Foul Ball, location: 2F
0-1: Ball
1-1: Ball
2-1: Foul Ball, location: 2F
2-2: Strikes out swinging
Batting: LHB Juan González 0-0: Called Strike
0-1: Ball
1-1: Called Strike
1-2: Ball
2-2: Ball
3-2: Base on Balls
Bernardo Herrera to second
Batting: RHB Chandler Bailey 0-0: Called Strike
Bernardo Herrera is caught stealing 3rd base
Juan González to second
0-1: Ground out 6-3 (Groundball, 6)
Top of the 4th over - 0 run(s), 0 hit(s), 0 error(s), 1 left on base; Detroit 0 - D.C. 0
BOTTOM OF THE 4TH
D.C. Divided batting - Pitching for Detroit Renaissance : LHP Lorenzo Sánchez
Batting: LHB Mike Gardner 0-0: Swinging Strike
0-1: Called Strike
0-2: Ball
1-2: Foul Ball, location: 2F
1-2: Ball
2-2: Foul Ball, location: 2F
2-2: Ball
3-2: Fly out, F7 (Flyball, 7D)
Batting: LHB Ray Sears 0-0: Ball
1-0: Foul Ball, location: 2F
1-1: Ground out 4-3 (Groundball, 4M)
Batting: LHB Charles Mathes 0-0: Ball
1-0: Foul Ball, location: 2F
1-1: Called Strike
1-2: Strikes out swinging
Bottom of the 4th over - 0 run(s), 0 hit(s), 0 error(s), 0 left on base; Detroit 0 - D.C. 0
TOP OF THE 5TH
Detroit Renaissance batting - Pitching for D.C. Divided : LHP Leslie Brooks
Batting: RHB Nathan Horton 0-0: Called Strike
0-1: Ball
1-1: Ball
2-1: Foul Ball, location: 2F
2-2: Ground out 5-3 (Groundball, 56)
Batting: LHB Tim Waters 0-0: Ball
1-0: Ground out U3 (Groundball, 3)
Batting: LHB Greg Robinson 0-0: Called Strike
0-1: Called Strike
0-2: Foul Ball, location: 2F
0-2: Ball
1-2: Ball
2-2: Ball
3-2: Ground out U3 (Groundball, 3)
Top of the 5th over - 0 run(s), 0 hit(s), 0 error(s), 0 left on base; Detroit 0 - D.C. 0
BOTTOM OF THE 5TH
D.C. Divided batting - Pitching for Detroit Renaissance : LHP Lorenzo Sánchez
Batting: RHB Lúcio López 0-0: DOUBLE (Groundball, 5L)
Batting: LHB Brad Elmore 0-0: Called Strike
0-1: Ball
1-1: Ball
2-1: Foul Ball, location: 2F
2-2: Ball
3-2: Base on Balls
Batting: RHB Justin Saginov 0-0: Ground out 5-3 (Groundball, 56S)
Lúcio López to third
Brad Elmore to second
Batting: RHB Duncan Thomas 0-0: Foul Ball, location: 2F
0-1: Foul Ball, location: 2F
0-2: Fly out, F4 (Line Drive, 4)
Batting: RHB Cristo González 0-0: Ball
1-0: Ball
2-0: Swinging Strike
2-1: Ball
3-1: DOUBLE (Line Drive, 7LM)
Lúcio López scores
Brad Elmore scores
Batting: RHB Brett Robinson 0-0: Ball
1-0: Fly out, F8 (Flyball, 8LD)
Bottom of the 5th over - 2 run(s), 2 hit(s), 0 error(s), 1 left on base; Detroit 0 - D.C. 2
TOP OF THE 6TH
Detroit Renaissance batting - Pitching for D.C. Divided : LHP Leslie Brooks
Batting: RHB Pablo León 0-0: Ground out 1-3 (Groundball, 15S)
Batting: RHB Kyle Bywaters 0-0: Ball
1-0: Ball
2-0: Foul Ball, location: 2F
2-1: Ball
3-1: SINGLE (Line Drive, 56D)
Batting: RHB Bernardo Herrera 0-0: Ball
1-0: Fly out, F8 (Flyball, 8LXD)
Batting: LHB Mike Silver 0-0: Called Strike
0-1: Ball
1-1: Ball
2-1: Fly out, F5 (Popup, 13)
Top of the 6th over - 0 run(s), 1 hit(s), 0 error(s), 1 left on base; Detroit 0 - D.C. 2
BOTTOM OF THE 6TH
D.C. Divided batting - Pitching for Detroit Renaissance : LHP Lorenzo Sánchez
Batting: LHB Mike Gardner 0-0: Called Strike
0-1: Ball
1-1: Ball
2-1: Ball
3-1: Ground out 4-3 (Groundball, 4M)
Batting: LHB Ray Sears 0-0: SOLO HOME RUN (Flyball, 9D), Distance : 407 ft
Batting: LHB Charles Mathes 0-0: Ball
1-0: Ball
2-0: Called Strike
2-1: SINGLE (Groundball, 4MD)
Batting: RHB Lúcio López 0-0: Ball
1-0: Ball
2-0: Called Strike
2-1: Foul Ball, location: 2F
2-2: Foul Ball, location: 2F
2-2: Foul Ball, location: 2F
2-2: Strikes out swinging
Batting: LHB Brad Elmore 0-0: Ball
1-0: Ball
2-0: Fly out, F8 (Flyball, 8LM)
Bottom of the 6th over - 1 run(s), 2 hit(s), 0 error(s), 1 left on base; Detroit 0 - D.C. 3
TOP OF THE 7TH
Detroit Renaissance batting - Pitching for D.C. Divided : LHP Leslie Brooks
Batting: LHB Juan González 0-0: Called Strike
0-1: Ball
1-1: Ball
2-1: Foul Ball, location: 2F
2-2: Ground out 1-3 (Groundball, 15S)
Batting: RHB Chandler Bailey 0-0: Ball
1-0: Ball
2-0: Ball
3-0: Called Strike
3-1: Base on Balls
Batting: RHB Nathan Horton 0-0: SINGLE (Popup, 6MD)
Chandler Bailey to second
Batting: LHB Tim Waters 0-0: Ball
1-0: Foul Ball, location: 2F
1-1: Foul Ball, location: 2F
1-2: Foul Ball, location: 2F
1-2: Foul Ball, location: 2F
1-2: Ball
2-2: SINGLE (Line Drive, 56)
Chandler Bailey to third
Nathan Horton to second
Pitching: LHP Domingo Posadas
Batting: LHB Greg Robinson 0-0: Called Strike
0-1: Swinging Strike
0-2: Grounds out, U3 (Groundball, 3L)
Chandler Bailey scores
Nathan Horton to third
Pinch Hitting: RHB Lonnie Conrad 0-0: Called Strike
0-1: Ball
1-1: Foul Ball, location: 2F
1-2: Strikes out looking
Top of the 7th over - 1 run(s), 2 hit(s), 0 error(s), 2 left on base; Detroit 1 - D.C. 3
BOTTOM OF THE 7TH
D.C. Divided batting - Pitching for Detroit Renaissance : LHP Lorenzo Sánchez
Now at 3B: Gregory Johnson
Batting: RHB Justin Saginov 0-0: Called Strike
0-1: Ball
1-1: Called Strike
1-2: Foul Ball, location: 2F
1-2: Strikes out swinging
Batting: RHB Duncan Thomas 0-0: Ball
1-0: SINGLE (Line Drive, 34)
Batting: RHB Cristo González 0-0: Ball
1-0: Fielders Choice at 2nd, 6-4 (Groundball, 6M)
Batting: RHB Brett Robinson 0-0: Ball
1-0: Ball
2-0: Ground out 5-3 (Groundball, 56)
Bottom of the 7th over - 0 run(s), 1 hit(s), 0 error(s), 1 left on base; Detroit 1 - D.C. 3
TOP OF THE 8TH
Detroit Renaissance batting - Pitching for D.C. Divided : LHP Domingo Posadas
Batting: RHB Kyle Bywaters 0-0: Called Strike
0-1: Foul Ball, location: 2F
0-2: Ground out 5-3 (Groundball, 56S)
Batting: RHB Bernardo Herrera 0-0: DOUBLE (Groundball, 5D)
Batting: LHB Mike Silver 0-0: Ball
1-0: Foul Ball, location: 2F
1-1: Ball
2-1: Foul Ball, location: 2F
2-2: Ground out 4-3 (Groundball, 4)
Bernardo Herrera to third
Batting: LHB Juan González 0-0: Foul Ball, location: 2F
0-1: Swinging Strike
0-2: Ball
Wild Pitch!
Bernardo Herrera scores
1-2: Strikes out swinging
Top of the 8th over - 1 run(s), 1 hit(s), 0 error(s), 0 left on base; Detroit 2 - D.C. 3
BOTTOM OF THE 8TH
D.C. Divided batting - Pitching for Detroit Renaissance : LHP Lorenzo Sánchez
Batting: LHB Mike Gardner 0-0: Ball
1-0: Foul Ball, location: 2F
1-1: Ball
2-1: Foul Ball, location: 2F
2-2: Fly out, F7 (Flyball, 7LD)
Batting: LHB Ray Sears 0-0: Ball
1-0: Called Strike
1-1: Ball
2-1: Called Strike
2-2: Foul Ball, location: 2F
2-2: Foul Ball, location: 2F
2-2: Ground out 4-3 (Groundball, 4M)
Batting: LHB Charles Mathes 0-0: Ground out 1-3 (Groundball, 13S)
Bottom of the 8th over - 0 run(s), 0 hit(s), 0 error(s), 0 left on base; Detroit 2 - D.C. 3
TOP OF THE 9TH
Detroit Renaissance batting - Pitching for D.C. Divided : LHP Domingo Posadas
Pitching: RHP Gabriel Hidalgo
Pinch Hitting: LHB Michael Neely 0-0: Called Strike
0-1: Foul Ball, location: 2F
0-2: Strikes out looking
Batting: RHB Nathan Horton 0-0: Called Strike
0-1: Foul Ball, location: 2F
0-2: Fly out, F6 (Line Drive, 6)
Batting: LHB Tim Waters 0-0: Ball
1-0: Called Strike
1-1: Foul Ball, location: 2F
1-2: Foul Ball, location: 2F
1-2: Strikes out swinging
Top of the 9th over - 0 run(s), 0 hit(s), 0 error(s), 0 left on base; Detroit 2 - D.C. 3
This league is powered by Out of the Park Baseball, the baseball management simulation game for PC, Mac and Linux
Monday, October 3rd, 2016 - OOTP Baseball 16.9 Build 39